 Dungeon Crawl Stone Soup version 0.31-a0-233-g139696dc86 (webtiles) character file.

Game seed: 10241177804286518742

16667 Decritt the Arsonist (level 12, -2/124 HPs)
             Began as a Red Draconian Fire Elementalist on July 8, 2023.
             Was an Initiate of Gozag.
             Collided with a rock wall (18 damage)
             ... caused by a wretched star
             ... on level 1 of the Abyss.
             The game lasted 00:58:43 (14423 turns).

Decritt the Arsonist (DrFE)                        Turns: 14423, Time: 00:58:43

Health: -2/124     AC: 20    Str: 10 (11) XL:     12   Next: 12%
Magic:  11/26      EV: 15    Int: 14 (15) God:    Gozag
Gold:   705        SH: 14    Dex:  9      Spells: 19/31 levels left

rFire   + . .        y - +6 whip (elec)
rCold   . . .        d - +0 kite shield
rNeg    . . .        (body armour unavailable)
rPois   .            (helmet restricted)
rElec   .            L - +2 cloak {Stlth+}
rCorr   +            l - +1 pair of gloves
SInv    .            b - +2 pair of boots {Stlth+}
Will    .....        o - amulet of Conformity {Reflect rCorr Slay+2 SH+5} Stlth
                     M - +5 ring of evasion
HPRegen 0.40/turn    m - +4 ring of protection
MPRegen 0.20/turn

%: reflection
@: berserking, hasted, very quick
A: breathe fire, AC +8, unfitting armour, fire resistance 1, cold-blooded,
[clumsy 2], [deterioration 2], [dopey 2], [frail 2], ([teleportitis 2])
a: Breathe Fire, Renounce Religion, Potion Petition, Call Merchant, Bribe Branch


You were on level 1 of the Abyss.
You worshipped Gozag.
Gozag was pleased with you.
You visited 2 branches of the dungeon, and saw 11 of its levels.
You visited the Abyss 1 time.
You also visited: Sewer and Bailey.

You collected 1546 gold pieces.
You paid 841 gold pieces to Gozag.

Inventory:

Hand Weapons
 n - a +1 morningstar of protection
 y - a +6 whip of electrocution (weapon)
Armour
 b - a +2 pair of boots of stealth (worn)
 d - a +0 kite shield (worn)
 l - a +1 pair of gloves (worn)
 L - a +2 cloak of stealth (worn)
Magical Staves
 k - a staff of earth
 w - the staff "Ynuo" {rPois rC+ Poison}
   (You found it on level 8 of the Dungeon)

   [staff of poison]

   Base accuracy: +5 Base damage: 5 Base attack delay: 1.2 This weapon's minimum
   attack delay (0.6) is reached at skill level 12.
   rC:        It protects you from cold.
   rPois:     It protects you from poison.
   Poison:    It increases the power of your Poison spells.
   It falls into the 'Staves' category.
   It is a one-handed weapon.
 z - a staff of fire
Jewellery
 f - a +6 ring of strength
 m - a +4 ring of protection (right hand)
 o - the amulet of Conformity (around neck) {Reflect rCorr Slay+2 SH+5}
   (You found it on level 8 of the Dungeon)

   [amulet of reflection]

   It reflects blocked missile attacks.
   Slay:      It affects your accuracy & damage with ranged weapons and melee
   (+2).
   rCorr:     It protects you from acid and corrosion.
   SH:        It affects your SH (+5).
 B - a ring of poison resistance
 G - a ring of protection from cold
 M - a +5 ring of evasion (left hand)
Wands
 j - a wand of iceblast (5)
 v - a wand of paralysis (22)
 C - a wand of flame (21)
 H - a wand of polymorph (3)
 N - a wand of acid (4)
Scrolls
 h - 6 scrolls of teleportation
 r - 2 scrolls of enchant weapon
 A - 2 scrolls of torment
 D - a scroll of fog
 I - a scroll of vulnerability {unknown}
 K - 2 scrolls of enchant armour {unknown}
Potions
 c - 5 potions of mutation
 e - a potion of attraction {unknown}
 g - a potion of lignification {unknown}
 i - 2 potions of curing
 p - a potion of brilliance
 q - a potion of berserk rage {unknown}
 s - a potion of invisibility {unknown}
 t - a potion of cancellation {unknown}
 x - a potion of enlightenment {unknown}
 E - a potion of might {unknown}
 F - 2 potions of ambrosia {unknown}


   Skills:
 - Level 9.1 Fighting
 - Level 1.7 Dodging
 - Level 1.7 Stealth
 + Level 7.4 Shields
 * Level 10.2 Spellcasting
 + Level 4.7 Conjurations
 - Level 3.0 Hexes
 - Level 3.0 Translocations
 * Level 13.3 Fire Magic


You had 19 spell levels left.
You knew the following spells:

 Your Spells              Type           Power      Damage    Failure   Level
a - Inner Flame           Hex/Fire       29%        N/A       3%          3
b - Scorch                Fire           88%        2d9       1%          2
c - Flame Wave            Conj/Fire      32%        2d9       9%          4
m - Foxfire               Conj/Fire      100%       2x1d9     1%          1
z - Blink                 Tloc           30%        N/A       16%         2

Your spell library contained the following spells:

 Spells                   Type           Power      Damage    Failure   Level
 Volatile Blastmotes      Fire/Tloc      58%        2d14      3%          3
 Slow                     Hex            60%        N/A       11%         1
 Shock                    Conj/Air       52%        1d6       14%         1
 Lesser Beckoning         Tloc           30%        N/A       16%         2
 Confusing Touch          Hex            15%        N/A       30%         3
 Gell's Gravitas          Tloc           15%        N/A       30%         3
 Teleport Other           Tloc           15%        N/A       30%         3
 Beastly Appendage        Tmut           14%        N/A       34%         1
 Necrotise                Necr           28%        1d5       34%         1
 Wereblood                Tmut           7%         N/A       47%         2
 Spider Form              Tmut/Pois      7%         N/A       71%         3
 Swiftness                Air            7%         N/A       71%         3
 Vampiric Draining        Necr           7%         2d6       71%         3
 Cause Fear               Hex            7%         N/A       71%         4
 Manifold Assault         Tloc           15%        N/A       71%         4
 Anguish                  Hex/Necr       5%         N/A       88%         4
 Airstrike                Air            3%         2d(1-17)  98%         4
 Agony                    Necr           7%         N/A       100%        5
 Enfeeble                 Hex            7%         N/A       100%        7
 Storm Form               Tmut/Air       3%         N/A       100%        7


Dungeon Overview and Level Annotations

Branches:
Dungeon (10/15)            Temple (1/1) D:7           Sewer (visited)
 Bailey (visited)
   Lair: D:8-11         Orc: D:9-12

Altars:
Ashenzari
Cheibriados
Elyvilon
Fedhas
Gozag
Hepliaklqana
Kikubaaqudgha
Nemelex Xobeh
Okawaru
Ru
Trog
Uskayaw
Vehumet
Wu Jian
Xom
Yredelemnul
Zin
The Shining One

Shops:
D:2 ((:   D:8 *

Annotations:
D:5 3 runed translucent doors, Beaer's ghost, amateur FoHu; MrAu's ghost, novice TeGl; Olga's ghost, amateur OgCj; Olga's ghost, novice MeFi
D:10 Erolcha


Innate Abilities, Weirdness & Mutations

You can breathe blasts of fire.
Your fiery red scales are hard. (AC +8)
You cannot fit into any form of body armour.
Your flesh is heat resistant. (rF+)
You are cold-blooded and may be slowed by cold attacks.
[You are very clumsy. (Dex -4)]
[Your body often deteriorates upon taking damage.]
[You are very dopey. (Int -4)]
[You are very frail. (-20% HP)]
[((You are often teleported next to monsters.))]


Message History

The wretched star is lightly damaged.
The wretched star glows turbulently.
The lance of force hits you!!
* * * LOW HITPOINT WARNING * * *
Your body deteriorates!
You feel weakened.
You are knocked back by the lance of force.
You slam into the rock wall!
* * * LOW HITPOINT WARNING * * *
Your body deteriorates!
You feel dopey.
Okay, then. [a] - 598 gold - resistance, enlightenment, heal wounds and curing [b] - 540 gold - resistance and invisibility [c] - 400 gold - haste, heal wounds and berserk rage Purchase which effect?
You no longer have enough gold to fund merchants seeking to open stores in the dungeon.
You feel yourself speed up.
You feel much better.
A red film seems to cover your vision as you go berserk!
You feel yourself moving faster!
You feel mighty!
You whack the wretched star!
The wretched star is moderately damaged.
The wretched star glows turbulently.
The lance of force hits you.
* * * LOW HITPOINT WARNING * * *
You are knocked back by the lance of force.
You slam into the rock wall!
You hit the wretched star but do no damage.
The wretched star is moderately damaged.
The wretched star pulses with an eldritch light!
You feel your body start to fall apart.
You hit the wretched star.
The wretched star is moderately damaged.
You hit the wretched star.
The wretched star is heavily damaged.
The wretched star glows turbulently.
The lance of force hits you!
* * * LOW HITPOINT WARNING * * *
You are knocked back by the lance of force.
You slam into the rock wall!
You die...
Your body crumbles into a pile of gold.

.. ...#$....
# .. .
....#$$..$##
...... .....#
............#
... ..* $ .#
..$....##
..## ... ..
##...# .###..
#.#*.# #
##@..# .
#.### . ###


You could see a wretched star.

Vanquished Creatures
  2 tentacled starspawn (Abyss:1)
  A two-headed ogre (D:8)
  A centaur warrior (D:8)
  A boulder beetle (D:8)
  A thrashing horror (Abyss:1)
  An orc knight (Bailey)
  A mana viper (Abyss:1)
  A deep elf pyromancer (Bailey)
  Joseph (D:7)
  An unseen horror (D:8)
  2 ancient zymes (Abyss:1)
  3 trolls
  A meliai (D:8)
  A raiju (Abyss:1)
  A ynoxinul (Abyss:1)
  A wraith (Abyss:1)
  6 yaks
  A slime creature (D:8)
  A shadow (D:10)
  3 large abominations (Abyss:1)
  Grum (D:8)
  4 steam dragons
  4 water moccasins
  11 orc warriors
  Pargi (Sewer)
  4 ice beasts
  3 sky beasts
  2 black bears
  3 wolves (D:8)
  2 ogres
  2 centaurs (D:8)
  2 phantoms
  2 kobold brigands (D:8)
  2 small abominations (Abyss:1)
  4 bullfrogs
  6 scorpions
  A wight (D:8)
  8 killer bees
  A howler monkey (D:8)
  3 electric eels (D:3)
  A crimson imp (Abyss:1)
  4 hounds
  4 jellies
  6 orc priests
  Crazy Yiuf (D:3)
  A gnoll bouda (D:8)
  3 sleepcaps
  4 iguanas
  5 orc wizards
  11 adders
  A gnoll (D:1)
  3 river rats (D:4)
  3 white imps
  2 ufetubi
  4 worms
  4 dart slugs
  23 orcs
  12 ball pythons
  8 endoplasms
  10 giant cockroaches
  11 goblins
  13 hobgoblins
  4 jackals (D:2)
  4 quokkas
  7 bats
  4 frilled lizards
  9 kobolds
  6 rats
  A starspawn tentacle (Abyss:1)
266 creatures vanquished.

Vanquished Creatures (collateral kills)
  A wretched star (Abyss:1)
  A raiju (Abyss:1)
  A foxfire (D:1)
3 creatures vanquished.

Vanquished Creatures (others)
  An orc (D:7)
  25 foxfires
  17 starspawn tentacles (Abyss:1)
43 creatures vanquished.

Grand Total: 312 creatures vanquished

Notes
Turn   | Place    | Note
-------+----------+-------------------------------------------
     0 | D:1      | Decritt the Draconian Fire Elementalist began the quest for
                  | the Orb.
     0 | D:1      | Reached XP level 1. HP: 14/14 MP: 3/3
    51 | D:1      | Reached skill level 1 in Fighting
   103 | D:1      | Reached XP level 2. HP: 16/24 MP: 0/5
   521 | D:1      | Reached XP level 3. HP: 28/31 MP: 6/6
  1075 | D:2      | Found Ypaepp's Book Boutique.
  1077 | D:2      | Found Ysete's Antique Weapon Shoppe.
  1305 | D:2      | Reached skill level 1 in Shields
  1317 | D:2      | Reached XP level 4. HP: 40/40 MP: 2/7
  1320 | D:2      | Learned a level 2 spell: Scorch
  1460 | D:2      | Found Juqemen's Antique Weapon Shop.
  1805 | D:2      | Noticed a scorpion
  1809 | D:2      | Killed a scorpion
  1810 | D:2      | Reached skill level 1 in Translocations
  1810 | D:2      | Reached XP level 5. HP: 46/46 MP: 3/8
  1880 | D:2      | Learned a level 2 spell: Blink
  1884 | D:3      | Found a transporter.
  1895 | D:3      | Found a broken altar of Ashenzari.
  2152 | D:3      | Reached skill level 1 in Hexes
  2243 | D:3      | Found a transporter.
  2267 | D:3      | Found a runed translucent door.
  2268 | D:3      | Noticed Crazy Yiuf
  2519 | D:4      | Noticed a phantom
  2678 | D:4      | Reached XP level 6. HP: 28/53 MP: 9/9
  2817 | D:4      | Found a sacrificial altar of Ru.
  2967 | D:4      | Reached skill level 5 in Fighting
  2989 | D:4      | Found a glowing drain.
  3007 | Sewer    | Entered a sewer
  3051 | Sewer    | Noticed Pargi
  3061 | Sewer    | Killed Pargi
  3062 | Sewer    | Your scales start taking on a fiery red colour.
  3062 | Sewer    | Reached skill level 4 in Fire Magic
  3062 | Sewer    | Reached XP level 7. HP: 53/61 MP: 6/11
  3062 | Sewer    | Gained mutation: Your flesh is heat resistant. (rF+) [Red
                  | Draconian growth]
  3808 | D:4      | Found a sparkling altar of Nemelex Xobeh.
  3908 | D:4      | Reached skill level 5 in Fire Magic
  4222 | D:5      | Entered Level 5 of the Dungeon
  4403 | D:4      | Learned a level 3 spell: Inner Flame
  4481 | D:5      | Reached XP level 8. HP: 59/70 MP: 13/13
  4780 | D:5      | Found a runed translucent gate.
  4781 | D:5      | Found a runed translucent gate.
  4781 | D:5      | Found a runed translucent gate.
  4781 | D:5      | Noticed Olga's ghost (amateur OgCj)
  4782 | D:5      | Noticed Beaer's ghost (amateur FoHu)
  4783 | D:5      | Noticed MrAu's ghost (novice TeGl)
  4783 | D:5      | Noticed Olga's ghost (novice MeFi)
  4999 | D:6      | Reached skill level 6 in Fire Magic
  5372 | D:6      | Found a blossoming altar of Fedhas.
  5528 | D:6      | Identified the +4 ring mail of Narcissism {rC- Int+8 Dex-2
                  | SInv}
  5594 | D:6      | Reached skill level 5 in Spellcasting
  5594 | D:6      | Reached skill level 7 in Fire Magic
  5727 | D:6      | Found a glowing silver altar of Zin.
  6102 | D:6      | Reached XP level 9. HP: 60/78 MP: 2/17
  6204 | D:6      | Found a glowing golden altar of the Shining One.
  6299 | D:7      | Found a hazy altar of Hepliaklqana.
  6441 | D:7      | Found a hide-covered altar of Uskayaw.
  6638 | D:7      | Found a staircase to the Ecumenical Temple.
  6645 | Temple   | Entered the Ecumenical Temple
  6658 | Temple   | Became a worshipper of Gozag Ym Sagoz the Greedy
  6723 | D:7      | Reached skill level 8 in Fire Magic
  6742 | D:7      | Found a flagged portal.
  6748 | Bailey   | Entered a bailey
  7056 | Bailey   | Noticed an orc knight
  7079 | Bailey   | Killed an orc knight
  7109 | Bailey   | Reached skill level 9 in Fire Magic
  7462 | Bailey   | Found a large runed translucent door.
  7462 | Bailey   | Found a large runed translucent door.
  7463 | Bailey   | Noticed a deep elf pyromancer
  7509 | Bailey   | Killed a deep elf pyromancer
  7510 | Bailey   | Reached XP level 10. HP: 72/86 MP: 12/20
  7884 | D:7      | Reached skill level 5 in Shields
  8176 | D:7      | Reached skill level 10 in Fire Magic
  8205 | D:7      | Noticed Joseph
  8216 | D:7      | Killed Joseph
  8830 | D:8      | Noticed a two-headed ogre
  8835 | D:8      | Killed a two-headed ogre
  9234 | D:8      | Reached skill level 11 in Fire Magic
  9604 | D:8      | HP: 3/90 [orc priest/divine providence (13)]
  9627 | D:8      | Found a shimmering altar of Xom.
  9929 | D:8      | Found a bloodstained altar of Trog.
  9974 | D:8      | Noticed Grum
  9986 | D:8      | Killed Grum
 10120 | D:8      | Reached XP level 11. HP: 59/95 MP: 11/23
 10123 | D:8      | Noticed a centaur warrior
 10133 | D:8      | Killed a centaur warrior
 10356 | D:8      | Identified the amulet of Conformity {Reflect rCorr Slay+2
                  | SH+5}
 10374 | D:8      | Learned a level 4 spell: Flame Wave
 10379 | D:8      | Noticed a boulder beetle
 10410 | D:8      | Killed a boulder beetle
 10598 | D:8      | Identified the staff "Ynuo" {rPois rC+ Poison}
 10602 | D:8      | Identified the +0 scale mail of the Noxious God {rElec rC++
                  | MP+9 Int-5}
 11518 | D:8      | Found Vawostre's Fire Supplies.
 12168 | D:3      | Killed Crazy Yiuf
 13074 | D:9      | Reached skill level 12 in Fire Magic
 13603 | D:10     | Entered Level 10 of the Dungeon
 13724 | D:10     | Noticed Erolcha
 13752 | Abyss:1  | Cast into level 1 of the Abyss (Erolcha)
 13756 | Abyss:1  | Found a viscous altar of Jiyva.
 13872 | Abyss:1  | Found a viscous altar of Jiyva.
 13875 | Abyss:1  | Noticed a tentacled starspawn
 13906 | Abyss:1  | Noticed a mana viper
 13916 | Abyss:1  | Killed a mana viper
 13938 | Abyss:1  | Noticed a flayed ghost
 14158 | Abyss:1  | Noticed a wretched star
 14172 | Abyss:1  | Killed a tentacled starspawn
 14197 | Abyss:1  | Killed a wretched star
 14200 | Abyss:1  | Noticed a thrashing horror
 14211 | Abyss:1  | Killed a thrashing horror
 14212 | Abyss:1  | Reached skill level 10 in Spellcasting
 14212 | Abyss:1  | Reached skill level 13 in Fire Magic
 14231 | Abyss:1  | Noticed a tentacled starspawn
 14297 | Abyss:1  | Killed a tentacled starspawn
 14298 | Abyss:1  | Reached XP level 12. HP: 70/83 MP: 9/26
 14423 | Abyss:1  | Collided with a rock wall

Illustrated notes

Levels and vault maps discovered:
D:1:      tarquinn_simple_flora_water_f, layout_loops_ring
D:2:      layout_basic, serial_shops, shop, nicolae_shop_tiny_real_fake_doors,
          nicolae_square_shop, minmay_misc_feat_secret_circle
D:3:      gammafunk_steamed_eel, layout_rooms, mainiacjoe_overflow_alcove_1,
          nicolae_eternal_life, uniq_crazy_yiuf_cottage
D:4:      layout_basic, mainiacjoe_overflow_brackets, kennysheep_little_box,
          gup_sewer_entry_bubbles, abandoned_shop, grunt_decor_fettered,
          minmay_ruptured
D:5:      layout_rooms, gammafunk_ghost_cemetery, minmay_misc_feat_plants
D:6:      layout_basic, marbit_many_paths, nicolae_tso_swordbearing_angel,
          fedhas_altar_3
D:7:      layout_cave_pods, mainiacjoe_overflow_large_starburst,
          minmay_temple_entry_trees, enter_bailey_3, uniq_joseph
D:8:      minmay_the_grid_octo_tiled_octocenter [minmay_the_grid_octo_clover_2,
          minmay_the_grid_octo_horde, minmay_the_grid_octo_focus,
          minmay_the_grid_octo_checkered,
          minmay_the_grid_octo_prize_single_spiral,
          minmay_the_grid_square_5x5_mess,
          minmay_the_grid_square_5x5_sharp_hourglass,
          minmay_the_grid_square_5x5_percent,
          minmay_the_grid_square_5x5_n_small], layout_basic,
          mainiacjoe_overflow_divided_tiny, nicolae_shop_fire_sale
          [nicolae_sub_dead_trees], uniq_grum
D:9:      layout_roguey
D:10:     layout_layer_cave, lemuel_coloured_pillars_altar, uniq_erolcha
Temple:   nicolae_temple_ecumenical_triangle
Abyss:1:  base: D:10, abyss_exit_lava, gammafunk_corrupted_shrine

Skill      XL: |  1  2  3  4  5  6  7  8  9 10 11 |
---------------+----------------------------------+-----
Fighting       | 2 3 4 5 6 7 8 9 |  9.1
Shields        | 1 2 3 4 6 7 |  7.4
Translocations | 1 2 3 |  3.0
Hexes          | 1 2 3 |  3.0
Fire Magic     | 4 5 7 9 11 13 | 13.3
Spellcasting   | 3 5 7 8 10 | 10.2
Conjurations   | 2 4 |  4.7
Dodging        | |  1.7
Stealth        | |  1.7

Action                     |  1- 3 |  4- 6 |  7- 9 | 10-12 || total
---------------------------+-------+-------+-------+-------++-------
  Melee: Unarmed           |     8 |       |       |       ||     8
         Tailslap          |    14 |    17 |    30 |    13 ||    74
         Spear             |   137 |       |       |       ||   137
         Staff             |     2 |       |       |    48 ||    50
         Morningstar       |       |   217 |   194 |       ||   411
         Whip              |       |       |       |    62 ||    62
   Cast: Foxfire           |    17 |       |       |       ||    17
         Scorch            |       |     4 |    48 |    70 ||   122
         Inner Flame       |       |       |    25 |    59 ||    84
         Flame Wave        |       |       |       |    62 ||    62
 Invoke: Potion Petition   |       |       |       |     2 ||     2
Ability: Breathe Fire      |       |       |     5 |       ||     5
    Use: Scroll            |       |     4 |     8 |     7 ||    19
         Potion            |       |       |     2 |    10 ||    12
   Stab: Sleeping          |     7 |     5 |       |       ||    12
         Distracted        |       |       |     1 |       ||     1
 Armour: Skin              |    56 |   131 |   105 |   122 ||   414
  Dodge: Dodged            |    91 |   163 |   136 |    69 ||   459
  Block: Buckler           |    11 |    52 |    51 |       ||   114
         Kite shield       |       |       |    55 |   181 ||   236
         Reflection        |       |       |       |    15 ||    15

Table legend: (Time is in decaauts)
 A = Elapsed time spent in this place.
 B = Non-inter-level travel time spent in this place.
 C = Inter-level travel time spent in this place.
 D = Time resting spent in this place.
 E = Time spent auto-exploring this place.
 F = Levels seen in this place.
 G = Mean time per level.
                   A        B        C        D        E       F      G
               +--------+--------+--------+--------+--------+-----+--------+
         Total |  14775 |  14353 |    422 |   3455 |   7092 |  14 | 1055.4 |
       Dungeon |  12906 |  12484 |    422 |   2794 |   6866 |  10 | 1290.6 |
        Temple |     26 |     26 |      0 |      0 |      3 |   1 |   26.0 |
         Abyss |    680 |    680 |      0 |    194 |     75 |   1 |  680.0 |
         Sewer |    247 |    247 |      0 |     22 |    109 |   1 |  247.0 |
        Bailey |    914 |    914 |      0 |    445 |     39 |   1 |  914.0 |
               +--------+--------+--------+--------+--------+-----+--------+

Top non-repeatable levels by time:
     D:8: 2670 daAuts
     D:7: 2301 daAuts
     D:4: 1573 daAuts
     D:3: 1290 daAuts
     D:6: 1147 daAuts
     D:1: 1060 daAuts
     D:9: 1014 daAuts
  Bailey: 914 daAuts
     D:2: 863 daAuts
     D:5: 835 daAuts
 Abyss:1: 680 daAuts
   Sewer: 247 daAuts
    D:10: 148 daAuts
  Temple: 26 daAuts
